 Dungeon Crawl Stone Soup version 0.18.1-47-g9310371 (webtiles) character file.

23 LinoAlbertino the Charlatan (level 2, 0/14 HPs)
             Began as a Spriggan Artificer on June 20, 2016.
             Hit by a stone thrown by a gnoll (4 damage)
             ... on level 2 of the Dungeon.
             The game lasted 00:08:28 (842 turns).

LinoAlbertino the Charlatan (Spriggan Artificer)     Turns: 842, Time: 00:08:29

Health: 0/14       AC:  2    Str:  7    XL:     2   Next: 75%
Magic:  6/6        EV: 18    Int: 13    God:
Gold:   10         SH:  0    Dex: 16    Spells: 0 memorised, 1 level left

rFire  . . .     SeeInvis +     j - -3 spear (curse)
rCold  . . .     Gourm    .     b - +0 robe
rNeg   . . .     Faith    .     (shield currently unavailable)
rPois  .         Spirit   .     (helmet restricted)
rElec  .         Dismiss  .     (no cloak)
rCorr  .         Reflect  .     (gloves unavailable)
SustAt +         Harm     .     (boots unavailable)
MR     .....                    (no amulet)
Stlth  ++........               (no ring)
                                l - ring of sustain attributes

@: very quick, not resistant to hostile enchantments, unstealthy
A: unfitting armour, see invisible, herbivore 3, speed 3, slow metabolism 2
a: no special abilities


You were on level 2 of the Dungeon.
You were not hungry.

You visited 1 branch of the dungeon, and saw 2 of its levels.

You collected 10 gold pieces.

Inventory:

Hand Weapons
 a - a +0 short sword
 j - a cursed -3 spear (weapon)
 k - a +0 war axe
Missiles
 m - 7 stones (quivered)
Armour
 b - a +0 robe (worn)
 i - a +0 ring mail
Jewellery
 l - a ring of sustain attributes (left hand)
Wands
 c - a wand of flame (28/48)
 d - a wand of enslavement (10/24)
 e - a wand of random effects (15/48)
Potions
 g - a potion of haste
 h - a potion of curing {unknown}
Comestibles
 f - a bread ration


   Skills:
 + Level 0.8 Fighting
 + Level 1.3 Short Blades
 + Level 0.3 Polearms
 + Level 3.3 Dodging
 + Level 2.0 Stealth
 + Level 4.7 Evocations


You had one spell level left.
You didn't know any spells.

Dungeon Overview and Level Annotations

Branches:
Dungeon (1/15)

Altars:


Innate Abilities, Weirdness & Mutations

You are tiny and cannot use many weapons and most armour.
You have supernaturally acute eyesight.
You are a herbivore.
You cover ground extremely quickly.
You need consume almost no food.


Message History

The kobold throws a stone.
The stone hits your gnoll but does no damage.
The kobold throws a stone.
The stone hits your gnoll.
The kobold hits your gnoll but does no damage.
Your gnoll misses something. Something closely misses your gnoll.
Your gnoll hits something but does no damage.
Something hits your gnoll.
Your gnoll barely misses something.
Something closely misses your gnoll.
Your gnoll hits something. Something hits your gnoll.
You feel a bit more experienced.
You swap places.
You see here 3 stones.
You see here 4 stones.
You see here 3 stones.
m - 3 stones You see here 4 stones.
m - 7 stones (gained 4)
The gnoll throws a stone.
The stone misses you.
The gnoll throws a stone.
The stone hits you.
You die...

#.###
#.#.≈.≈#
#.##≈.≈.
#.#.≈.≈##
#.##≈.≈.
#.#.≈.g##
#.# ≈.(.
#.###(#
#..g(@#
#######


You could see a gnoll and a friendly gnoll.

Vanquished Creatures
  A dart slug (D:2)
  2 goblins (D:2)
  5 hobgoblins
  A ball python (D:1)
  6 bats
  2 giant newts (D:2)
  A rat (D:1)
18 creatures vanquished.

Vanquished Creatures (collateral kills)
  A kobold (D:2)
1 creature vanquished.

Vanquished Creatures (others)
  An orc (D:2)
1 creature vanquished.

Grand Total: 20 creatures vanquished

Notes
Turn   | Place    | Note
--------------------------------------------------------------
     0 | D:1      | LinoAlbertino the Spriggan Artificer began the quest for the Orb.
     0 | D:1      | Reached XP level 1. HP: 9/9 MP: 4/4
     2 | D:1      | Noticed a troll
     2 | D:1      | Noticed an octopode
     6 | D:1      | Noticed a draconian
     6 | D:1      | Noticed an elf
     8 | D:1      | Noticed a minotaur
     8 | D:1      | Noticed a naga
    10 | D:1      | Noticed a human
    10 | D:1      | Noticed a spriggan
    12 | D:1      | Noticed a halfling
    14 | D:1      | Noticed a demonspawn
    14 | D:1      | Noticed a centaur
    16 | D:1      | Noticed a dwarf
    16 | D:1      | Noticed a merfolk
    18 | D:1      | Noticed a demigod
    18 | D:1      | Noticed a formicid
    20 | D:1      | Noticed a ghoul
    20 | D:1      | Noticed a tengu
    22 | D:1      | Noticed a felid
    22 | D:1      | Noticed a vampire
    24 | D:1      | Noticed an ogre
    26 | D:1      | Noticed a gargoyle
    26 | D:1      | Noticed a vine stalker
   384 | D:1      | Reached XP level 2. HP: 10/14 MP: 6/6
   387 | D:1      | You fall through a shaft!
   842 | D:2      | Hit by a stone thrown by a gnoll

Skill      XL: |  1 |
---------------+----+-----
Stealth        | 2 |  2.0
Fighting       | |  0.8
Short Blades   | |  1.3
Polearms       | |  0.3
Dodging        | |  3.3
Evocations     | |  4.7

Action                   || total
-------------------------++-------
Melee: Short sword       ||    16
       Spear             ||    33
Evoke: Wand              ||    16
  Use: Scroll            ||     2
 Stab: Sleeping          ||     3
Armor: Robe              ||    12
Dodge: Dodged            ||    48
